General information
- name: BNet
- type: Ladder team game (AT/RT)
- host: Battle.net
- saver: RoganJosh.Yum
map: RiceFields
- players: 6
- length: 18:36
- speed: Fast
- version: 1.24 W3XP
- replay type:

» download(139 KB)
Players
team 1 (loser)
ayy (
teal | 103 APM | 1867 actions | 18:07)
3 Death Knight
2 Death Coil
1 Unholy Aura
» actions
| Assign group hotkey | 14 | |
| Build / train | 28 | |
| Enter build submenu | 16 | |
| Enter hero's abilities submenu | 3 | |
| Remove unit from queue | 1 | |
| Right click | 864 | |
| Select / deselect | 335 | |
| Select group hotkey | 576 | |
| Use ability | 30 | |
1867 total
» units
| Acolyte | 2 | |
| Ghoul | 8 | |
| Crypt Fiend | 9 | |
19 total
» buildings
| Graveyard | 2 | |
| Altar of Darkness | 1 | |
| Ziggurat | 7 | |
| Crypt | 2 | |
| Tomb of Relics | 1 | |
| Spirit Tower | 1 | |
| Halls of the Dead | 1 | |
| Black Citadel | 2 | |
| Sacrificial Pit | 1 | |
18 total
» build order
00:07 Graveyard
00:18 Graveyard
00:42 Altar of Darkness
00:58 Ziggurat
01:35 Crypt
01:43 Tomb of Relics
01:51 Ziggurat
02:19 Crypt
02:43 Ziggurat
06:01 Ziggurat
08:34 Spirit Tower
09:04 Halls of the Dead
12:23 Ziggurat
13:11 Ziggurat
15:06 Black Citadel
15:06 Black Citadel
16:44 Ziggurat
17:02 Sacrificial Pit
» items
Beer4life (
red | 90 APM | 1663 actions | 18:34)
6 Death Knight
3 Death Coil
2 Unholy Aura
1 Animate Dead
» actions
| Assign group hotkey | 19 | |
| Build / train | 40 | |
| Enter build submenu | 14 | |
| Enter hero's abilities submenu | 6 | |
| Right click | 953 | |
| Select / deselect | 285 | |
| Select group hotkey | 304 | |
| Use ability | 41 | |
1663 total
» units
| Acolyte | 6 | |
| Ghoul | 4 | |
| Crypt Fiend | 7 | |
| Frost Wyrm | 6 | |
23 total
» upgrades
» buildings
| Graveyard | 1 | |
| Crypt | 1 | |
| Altar of Darkness | 1 | |
| Ziggurat | 7 | |
| Tomb of Relics | 1 | |
| Halls of the Dead | 1 | |
| Black Citadel | 1 | |
| Sacrificial Pit | 1 | |
| Boneyard | 3 | |
| Spirit Tower | 2 | |
| Nerubian Tower | 1 | |
20 total
» build order
00:07 Graveyard
00:10 Crypt
00:42 Altar of Darkness
01:00 Ziggurat
01:25 Tomb of Relics
01:42 Ziggurat
02:58 Halls of the Dead
05:03 Ziggurat
05:37 Black Citadel
05:44 Sacrificial Pit
06:36 Ziggurat
07:29 Ziggurat
07:59 Boneyard
08:00 Boneyard
08:07 Boneyard
11:05 Ziggurat
11:07 Ziggurat
12:00 Spirit Tower
12:01 Nerubian Tower
12:08 Spirit Tower
» items
| Potion of Healing | 2 | |
| Rod of Necromancy | 1 | |
| Scroll of Town Portal | 1 | |
4 total
matti_hautameki (
yellow | 47 APM | 861 actions | 18:15)
2 Keeper of the Grove
1 Entangling Roots
1 Thorns Aura
» actions
| Assign group hotkey | 9 | |
| Build / train | 17 | |
| ESC pressed | 2 | |
| Enter build submenu | 14 | |
| Enter hero's abilities submenu | 3 | |
| Right click | 437 | |
| Select / deselect | 171 | |
| Select group hotkey | 175 | |
| Use ability | 33 | |
861 total
» units
» buildings
| Altar of Elders | 2 | |
| Moon Well | 4 | |
| Hunter's Hall | 1 | |
| Ancient of War | 2 | |
| Tree of Life | 1 | |
| Ancient of Wonders | 2 | |
12 total
» build order
00:06 Altar of Elders
00:19 Moon Well
01:36 Hunter's Hall
01:39 Ancient of War
02:04 Ancient of War
02:21 Moon Well
05:04 Altar of Elders
05:08 Moon Well
05:32 Moon Well
06:44 Tree of Life
09:11 Ancient of Wonders
10:13 Ancient of Wonders
» items
team 2 (winner)
BRG (
green | 80 APM | 1492 actions | 18:35)
4 Archmage
2 Summon Water Elemental
2 Brilliance Aura
» actions
| Assign group hotkey | 18 | |
| Basic commands | 2 | |
| Build / train | 69 | |
| Enter build submenu | 43 | |
| Enter hero's abilities submenu | 4 | |
| Remove unit from queue | 6 | |
| Right click | 844 | |
| Select / deselect | 298 | |
| Select group hotkey | 109 | |
| Use ability | 99 | |
1492 total
» units
| Peasant | 17 | |
| Priest | 1 | |
| Gryphon Rider | 5 | |
23 total
» upgrades
| Masonry | 2 | |
| Magic Sentry | 1 | |
| Priest Training | 1 | |
| Swords | 1 | |
| Animal War Training | 1 | |
6 total
» buildings
| Altar of Kings | 1 | |
| Farm | 10 | |
| Lumber Mill | 2 | |
| Scout Tower | 36 | |
| Arcane Tower | 1 | |
| Guard Tower | 22 | |
| Keep | 2 | |
| Blacksmith | 1 | |
| Barracks | 1 | |
| Arcane Sanctum | 1 | |
| Castle | 1 | |
| Gryphon Aviary | 4 | |
82 total
» build order
00:08 Altar of Kings
00:14 Farm
01:12 Farm
01:37 Lumber Mill
02:05 Scout Tower
02:38 Arcane Tower
04:38 Scout Tower
04:39 Scout Tower
04:39 Scout Tower
04:39 Scout Tower
04:40 Scout Tower
04:40 Scout Tower
05:02 Scout Tower
05:03 Scout Tower
05:03 Scout Tower
05:07 Farm
05:14 Guard Tower
05:15 Guard Tower
05:15 Guard Tower
05:32 Guard Tower
05:59 Guard Tower
06:13 Lumber Mill
06:26 Guard Tower
06:30 Scout Tower
06:33 Scout Tower
07:54 Guard Tower
07:55 Scout Tower
07:56 Scout Tower
07:56 Scout Tower
07:58 Scout Tower
07:59 Scout Tower
07:59 Scout Tower
08:58 Guard Tower
09:59 Keep
10:00 Guard Tower
10:02 Guard Tower
10:11 Scout Tower
10:13 Scout Tower
10:14 Scout Tower
10:14 Scout Tower
10:15 Scout Tower
10:15 Scout Tower
10:16 Scout Tower
10:17 Scout Tower
10:41 Guard Tower
11:09 Guard Tower
11:34 Guard Tower
11:54 Guard Tower
12:06 Guard Tower
12:09 Scout Tower
12:10 Scout Tower
12:11 Scout Tower
12:23 Blacksmith
12:33 Farm
12:34 Farm
12:35 Farm
12:36 Farm
12:38 Guard Tower
13:22 Barracks
13:22 Guard Tower
13:27 Arcane Sanctum
13:42 Castle
14:09 Gryphon Aviary
14:11 Gryphon Aviary
14:44 Gryphon Aviary
15:05 Scout Tower
15:06 Scout Tower
15:06 Scout Tower
15:07 Scout Tower
15:08 Scout Tower
15:12 Scout Tower
15:13 Scout Tower
16:06 Guard Tower
16:15 Gryphon Aviary
16:27 Guard Tower
17:00 Guard Tower
17:07 Farm
17:08 Farm
17:10 Farm
18:06 Guard Tower
18:33 Guard Tower
RoganJosh.Yum (
blue | 97 APM | 1806 actions | 18:36)
4 Archmage
2 Summon Water Elemental
2 Brilliance Aura
1 Mountain King
1 Storm Bolt
» actions
| Assign group hotkey | 154 | |
| Basic commands | 16 | |
| Build / train | 59 | |
| ESC pressed | 12 | |
| Enter build submenu | 32 | |
| Enter hero's abilities submenu | 5 | |
| Give item / drop item | 1 | |
| Remove unit from queue | 2 | |
| Right click | 846 | |
| Select / deselect | 365 | |
| Select group hotkey | 206 | |
| Use ability | 108 | |
1806 total
» units
| Peasant | 16 | |
| Rifleman | 2 | |
| Knight | 4 | |
22 total
» upgrades
» buildings
| Altar of Kings | 2 | |
| Farm | 6 | |
| Lumber Mill | 1 | |
| Scout Tower | 14 | |
| Guard Tower | 10 | |
| Keep | 3 | |
| Arcane Vault | 1 | |
| Barracks | 2 | |
| Blacksmith | 1 | |
| Castle | 2 | |
| Town Hall | 1 | |
43 total
» build order
00:02 Altar of Kings
00:04 Farm
01:17 Lumber Mill
02:00 Farm
03:59 Scout Tower
04:01 Scout Tower
04:02 Scout Tower
04:04 Scout Tower
04:34 Guard Tower
04:34 Guard Tower
06:08 Farm
06:09 Farm
06:44 Keep
06:44 Keep
06:53 Scout Tower
06:54 Scout Tower
07:07 Scout Tower
07:08 Scout Tower
07:29 Scout Tower
09:04 Guard Tower
09:20 Scout Tower
09:28 Scout Tower
09:29 Scout Tower
10:01 Guard Tower
10:01 Guard Tower
10:07 Guard Tower
10:07 Guard Tower
10:17 Arcane Vault
10:19 Barracks
10:24 Barracks
10:42 Guard Tower
10:44 Scout Tower
10:44 Scout Tower
10:57 Blacksmith
11:00 Farm
11:01 Farm
11:16 Castle
11:17 Castle
16:41 Town Hall
17:55 Altar of Kings
» items
| Lesser Clarity Potion | 1 | |
| Scroll of Town Portal | 1 | |
| Potion of Healing | 1 | |
3 total
timg4strok (
pink | 111 APM | 2056 actions | 18:35)
6 Keeper of the Grove
3 Force of Nature
2 Thorns Aura
1 Tranquility
» actions
| Assign group hotkey | 36 | |
| Basic commands | 62 | |
| Build / train | 74 | |
| ESC pressed | 3 | |
| Enter build submenu | 22 | |
| Enter hero's abilities submenu | 6 | |
| Remove unit from queue | 1 | |
| Right click | 877 | |
| Select / deselect | 266 | |
| Select group hotkey | 650 | |
| Use ability | 59 | |
2056 total
» units
» upgrades
| Ultravision | 1 | |
| Strength of the Moon | 3 | |
| Moon Armor | 3 | |
| Improved Bows | 1 | |
| Marksmanship | 1 | |
| Well Spring | 1 | |
10 total
» buildings
| Altar of Elders | 1 | |
| Moon Well | 9 | |
| Ancient of War | 5 | |
| Tree of Life | 2 | |
| Hunter's Hall | 1 | |
| Tree of Ages | 2 | |
| Tree of Eternity | 1 | |
| Ancient of Wonders | 1 | |
22 total
» build order
00:37 Altar of Elders
00:41 Moon Well
01:29 Ancient of War
01:30 Ancient of War
01:43 Tree of Life
01:45 Tree of Life
01:57 Ancient of War
03:32 Hunter's Hall
03:45 Moon Well
03:45 Moon Well
05:08 Moon Well
05:08 Moon Well
06:12 Tree of Ages
06:12 Tree of Ages
06:36 Ancient of War
06:36 Ancient of War
06:39 Moon Well
06:39 Moon Well
09:01 Tree of Eternity
10:27 Moon Well
10:28 Moon Well
11:17 Ancient of Wonders
» items
| Scroll of Town Portal | 2 | |
| Orb of Venom | 1 | |
| Potion of Healing | 1 | |
| Anti-magic Potion | 1 | |
5 total
Chat log
(14:58 / All) ayy: towerlows
(15:03 / All) BRG: ENGLISH
(18:07 / All) BRG: leaver
(18:08 / All) BRG: leave
(18:09 / All) BRG: leave
(18:10 / All) BRG: leave
(18:11 / All) BRG: leave
(18:11 / All) BRG: leave
(18:24 / All) BRG: noob 4 life